 Dungeon Crawl Stone Soup version 0.28.0-49-g6dfe1f597d (webtiles) character file.

Game seed: 12538544901771443740

95 Zeld the Conjurer (level 4, -7/36 HPs)
             Began as a Draconian Conjurer on May 17, 2022.
             Killed from afar by an acid dragon (11 damage)
             ... with a splash of acid
             ... on level 4 of the Dungeon.
             The game lasted 00:03:47 (1510 turns).

Zeld the Conjurer (Draconian Conjurer)              Turns: 1510, Time: 00:03:48

Health: -7/36      AC:  6    Str: 10    XL:     4   Next: 39%
Magic:  1/8        EV: 12    Int: 20    God:
Gold:   17         SH:  0    Dex:  9    Spells: 5/8 levels left

rFire   + + .      SeeInvis .   (no weapon)
rCold   . . .      Faith    .   (no shield)
rNeg    . . .      Spirit   .   (armour unavailable)
rPois   .          Reflect  .   (helmet restricted)
rElec   .          Harm     .   (no cloak)
rCorr   +          Rampage  .   (no gloves)
Will    .....                   e - +0 pair of boots
Stlth   ++........              (no amulet)
HPRegen 0.12/turn               a - ring of wizardry
MPRegen 0.11/turn               g - ring "Toyt" {rF++ rCorr}

@: no status effects
A: AC +5, unfitting armour, cold-blooded
a: no special abilities


You were on level 4 of the Dungeon.
You visited 1 branch of the dungeon, and saw 4 of its levels.

You collected 17 gold pieces.

Inventory:

Armour
 e - a +0 pair of boots (worn)
Jewellery
 a - a ring of wizardry (left hand)
 g - the ring "Toyt" (right hand) {rF++ rCorr}
   (You found it on level 3 of the Dungeon)

   [ring of resist corrosion]

   rF:        It greatly protects you from fire.
   rCorr:     It protects you from acid and corrosion.
Scrolls
 b - a scroll of identify {unknown}
 c - 2 scrolls of fog {unknown}
 f - a scroll of enchant armour {unknown}
 h - a scroll of enchant weapon {unknown}
Potions
 d - 2 potions of curing {unknown}


   Skills:
 * Level 2.1 Fighting
 + Level 2.1 Dodging
 + Level 2.2 Stealth
 * Level 2.7 Spellcasting
 * Level 4.5 Conjurations


You had 5 spell levels left.
You knew the following spells:

 Your Spells              Type           Power      Damage    Failure   Level
a - Magic Dart            Conj           80%        1d7       1%          1
b - Searing Ray           Conj           40%        2d5       1%          2

Your spell library contained the following spells:

 Spells                   Type           Power      Damage    Failure   Level
 Dazzling Flash           Conj/Hex       22%        N/A       7%          3
 Fulminant Prism          Conj/Hex       5%         3d7       22%         4
 Iskenderun's Mystic Bla  Conj/Tloc      11%        2d4       22%         4


Dungeon Overview and Level Annotations

Branches:
Dungeon (4/15)
 Temple: D:4-7

Altars:


Innate Abilities, Weirdness & Mutations

Your plain brown scales are hard. (AC +5)
You cannot fit into any form of body armour.
You are cold-blooded and may be slowed by cold attacks.


Message History

An acid dragon is nearby!
Casting: Magic Dart (safe; 1% risk of failure)
Confirm with . or Enter, or press ? or * to list all spells.
Aiming: Searing Ray (safe; 1% risk of failure)
Press: ? - help, Shift-Dir - straight line The searing ray misses the acid dragon. (Press . to maintain the ray.) Unknown command.
The searing ray hits the acid dragon!
The acid dragon is moderately wounded.
The searing ray hits the acid dragon.
The acid dragon is heavily wounded.
The acid dragon bites you. The acid dragon closely misses you.
The searing ray hits the acid dragon!
The acid dragon is almost dead.
You finish channelling your searing ray.
The acid dragon spits acid at you. The splash of acid hits you! You resist.
Casting: Searing Ray (safe; 1% risk of failure)
Confirm with . or Enter, or press ? or * to list all spells.
Aiming: Searing Ray (safe; 1% risk of failure)
Press: ? - help, Shift-Dir - straight line The searing ray hits the acid dragon.
The acid dragon is almost dead. (Press . to maintain the ray.)
The acid dragon bites you!
The acid dragon claws you but does no damage.
The searing ray hits the acid dragon but does no damage.
The acid dragon is almost dead.
The acid dragon barely misses you. x2
Unknown command.
Unknown command.
The acid dragon barely misses you. x2
A giant cockroach comes into view.
The acid dragon spits acid at you. The splash of acid hits you! You resist.
* * * LOW HITPOINT WARNING * * *
The acid dragon spits acid at you. The splash of acid hits you! You resist.
You die...

..........<....
........B......
...............
...............
.....?...#####...
............†....
#########D###....
#.#<# . #@#.#
#...# #####


You could see an acid dragon (catching breath) and a giant cockroach.

Vanquished Creatures
  3 gnolls (D:3)
  3 adders
  A worm (D:3)
  A dart slug (D:2)
  2 orcs (D:3)
  3 ball pythons
  3 bats
  An endoplasm (D:2)
  A giant cockroach (D:2)
  3 goblins
  3 hobgoblins
  A frilled lizard (D:2)
  2 kobolds (D:3)
  8 rats
35 creatures vanquished.

Vanquished Creatures (others)
  4 toadstools (D:1)
4 creatures vanquished.

Grand Total: 39 creatures vanquished

Notes
Turn   | Place    | Note
-------+----------+-------------------------------------------
     0 | D:1      | Zeld the Draconian Conjurer began the quest for the Orb.
     0 | D:1      | Reached XP level 1. HP: 14/14 MP: 3/3
   293 | D:1      | Reached XP level 2. HP: 22/22 MP: 1/5
   298 | D:1      | Learned a level 2 spell: Searing Ray
   346 | D:2      | Reached skill level 1 in Fighting
   439 | D:2      | Found a faded altar of an unknown god.
   801 | D:2      | Reached XP level 3. HP: 28/28 MP: 2/6
  1151 | D:3      | Identified the ring "Toyt" {rF++ rCorr}
  1304 | D:3      | Reached XP level 4. HP: 32/36 MP: 3/7
  1500 | D:4      | Noticed an acid dragon
  1510 | D:4      | Killed from afar by an acid dragon

Illustrated notes

Levels and vault maps discovered:
D:1:      ldierk_walled_garden_2, layout_basic, st_stairs_1, minmay_pentomino_o4
D:2:      layout_loops_cross, shapermc_ecumenical_altar_starsandcircs,
          serial_shops, nicolae_shop_statue_plus
D:3:      layout_loops_ring, minmay_fountain_box
D:4:      layout_basic, hangedman_decor_opposing, minmay_misc_feat_enclosed

Skill      XL: |  1  2  3  4 |
---------------+-------------+-----
Fighting       | 1 2 |  2.1
Stealth        | 2 |  2.2
Dodging        | 2 |  2.1
Spellcasting   | |  2.7
Conjurations   | |  4.5

Action                   |  1- 3 |  4- 6 || total
-------------------------+-------+-------++-------
Melee: Unarmed           |    28 |       ||    28
       Tailslap          |     4 |       ||     4
       Punch             |     1 |       ||     1
 Cast: Magic Dart        |    40 |     6 ||    46
       Searing Ray       |     5 |     3 ||     8
Armor: Skin              |     9 |     1 ||    10
Dodge: Dodged            |    22 |     8 ||    30
